 Dungeon Crawl Stone Soup version 0.31.0-2-g5a2aebc5c2 (webtiles) character file.

Game seed: 2853849255312605944

7163 Daunt the Basher (level 11, -1/133 HPs)
             Began as a Barachi Shapeshifter on Jan 21, 2024.
             Was a Follower of Ashenzari.
             Succumbed to a green very ugly thing's poison
             ... on level 2 of the Abyss.
             The game lasted 00:48:57 (9773 turns).

Daunt the Basher (Barachi Shapeshifter)             Turns: 9773, Time: 00:48:58

Health: -1/133     AC: 25    Str: 19    XL:     11   Next: 11%
Magic:  2/11       EV:  2    Int: 12    God:    Ashenzari [*.....]
Gold:   486        SH:  0    Dex: 11    Spells: 10/10 levels left

rFire   . . .        a - +7 great mace "Undeadhunter" {deathbane, rN+}
rCold   . . .        (shield currently unavailable)
rNeg    + + .        e - melded +0 scale mail "At What Cost Knowledge?" {Comp, Melee} (curse)
rPois   +            F - melded +0 helmet
rElec   .            (cloak currently unavailable)
rCorr   .            D - melded +0 pair of gloves
SInv    .            B - melded +0 pair of boots of the Cursed Augur {Melee, Bglg} (curse)
Will    .....        g - amulet of guardian spirit
Stlth   +            A - ring of poison resistance
HPRegen 0.42/turn    y - ring of positive energy
MPRegen 0.12/turn

%: guardian spirit
@: lethally poisoned (-1 -> -37), tree-form
A: stationary, stasis, torment immunity, boosted hp, (amphibious), (slowness 1),
(strong legs 1), +LOS
a: Renounce Religion, Curse Item, Shatter the Chains


You were on level 2 of the Abyss.
You worshipped Ashenzari.
Ashenzari was aware of your devotion.
You were a tree.
You visited 1 branch of the dungeon, and saw 10 of its levels.
You visited the Abyss 1 time.
You also visited: Ossuary.

You collected 486 gold pieces.

Inventory:

Hand Weapons
 a - the +7 great mace "Undeadhunter" (weapon) {deathbane, rN+}
   (You took it off an orc on level 3 of the Dungeon)

   rN+:       It protects you from negative energy.
Missiles
 f - 107 stones
 m - 22 poisoned darts (quivered)
 q - 11 boomerangs
Armour
 e - the cursed +0 scale mail "At What Cost Knowledge?" (melded) {Comp, Melee}
   (You found it on level 1 of the Dungeon)

   It has a curse which improves the following skills: Companions: Summonings
   and Necromancy.
   Melee Combat: Short Blades, Long Blades, Axes, Maces & Flails, Polearms,
   Staves and Unarmed Combat.
 B - the cursed +0 pair of boots of the Cursed Augur (melded) {Melee, Bglg}
   (You found it on level 5 of the Dungeon)

   It has a curse which improves the following skills: Melee Combat: Short
   Blades, Long Blades, Axes, Maces & Flails, Polearms, Staves and Unarmed
   Combat.
   Beguiling: Hexes and Translocations.
 D - a +0 pair of gloves (melded)
 F - a +0 helmet (melded)
Jewellery
 g - an amulet of guardian spirit (around neck)
 y - a ring of positive energy (right branch)
 A - a ring of poison resistance (left branch)
Wands
 h - a wand of acid (9)
 z - a wand of charming (20)
Scrolls
 b - 2 scrolls of teleportation
 l - a scroll of silence
 n - 2 scrolls of brand weapon
 o - 2 scrolls of immolation
 r - 2 scrolls of fog
 u - 2 scrolls of revelation
 G - a scroll of enchant weapon
Potions
 p - a potion of cancellation
 s - 2 potions of mutation
 t - 4 potions of lignification
 v - a potion of ambrosia
 w - 2 potions of brilliance
 x - a potion of might
 C - 2 potions of enlightenment
 E - a potion of resistance


   Skills:
 + Level 9.0 Fighting
 * Level 12.5 Maces & Flails
 * Level 1.0 Ranged Weapons
 + Level 4.4 Armour
 + Level 4.7 Dodging
 - Level 4.0 Shields
 - Level 8.0 Unarmed Combat
 - Level 3.2 Shapeshifting


You had 10 spell levels left.
You didn't know any spells.
Your spell library contained the following spells:

 Spells                   Type           Power      Damage    Failure   Level
 Shock                    Conj/Air       0%         1d3       32%         1
 Ensorcelled Hibernation  Hex/Ice        0%         N/A       45%         2
 Mercury Vapours          Alch/Air       0%         N/A       45%         2
 Scorch                   Fire           0%         2d5       45%         2
 Gell's Gravitas          Tloc           0%         N/A       69%         3
 Mephitic Cloud           Conj/Alch/Air  0%         N/A       69%         3
 Passwall                 Erth           0%         N/A       69%         3
 Swiftness                Air            0%         N/A       69%         3
 Teleport Other           Tloc           0%         N/A       69%         3
 Airstrike                Air            0%         2d(0-16)  97%         4
 Flame Wave               Conj/Fire      0%         2d4       97%         4
 Freezing Cloud           Conj/Ice/Air   0%         6-21      100%        5
 Dispersal                Tloc           0%         N/A       100%        6
 Summon Cactus Giant      Summ           0%         N/A       100%        6


Dungeon Overview and Level Annotations

Branches:
Dungeon (10/15)            Temple (0/1) D:4         Ossuary (visited)
   Lair: D:8-11         Orc: D:9-12

Altars:
Ashenzari
Cheibriados
Fedhas
Gozag
Nemelex Xobeh
Okawaru
Uskayaw
Xom

Shops:
D:5 [

Annotations:
D:4 Sigmund
D:9 1 transporter
D:10 Erolcha


Innate Abilities, Weirdness & Mutations

You are a tree.
Your roots penetrate the ground, keeping you stationary.
You cannot be teleported.
You are immune to unholy pain and torment.
Your maximum health is greatly increased.
Your equipment is partially melded.
((You are amphibious.))
((You cover ground slowly.))
((You can hop short distances.))
You have an extended range of vision and can be seen from far away.


Message History

The green very ugly thing gurgles horribly!
The raiju barks! x2; You hear a bark!
The ynoxinul hits you but does no damage.
The green very ugly thing gores you!!
You are lethally poisoned!
The green very ugly thing poisons you!
A raiju comes into view. x2
The ynoxinul hits you.
You barely miss the green very ugly thing.
You feel extremely sick.
The raiju barks!
The green very ugly thing gores you!
The ynoxinul gestures.
Unknown command.
Unknown command.
Okay, then.
Unknown command.
Okay, then.
Unknown command.
You turn into a tree.
Your +0 helmet melds into your body.
Your +0 pair of gloves melds into your body.
The cursed +0 pair of boots of the Cursed Augur {Melee, Bglg} melds into your body.
The cursed +0 scale mail "At What Cost Knowledge?" {Comp, Melee} melds into your body.
Your roots penetrate the ground.
* * * LOW HITPOINT WARNING * * *
You feel extremely sick.
The green very ugly thing gores you but does no damage.
The ynoxinul gestures at you. The iron shot hits you!!
* * * LOW HITPOINT WARNING * * *
You sock the green very ugly thing!
The green very ugly thing is lightly wounded.
* * * LOW HITPOINT WARNING * * *
You feel extremely sick.
The green very ugly thing gores you but does no damage.
The ynoxinul hits you but does no damage.
Unknown command.
Unknown command.
You barely miss the ynoxinul.
You die...

.# ##.# .#.§#
#...# # #... #.
.#.......
##.####....#
#......Z####..#
#..#...#♣35..#
#..##u#5...#
#.#


hhh ..## ..# .#.## ... ... ##.#h ...# ... . . #.. #.#. # . # ##. ## You could
see a green very ugly thing, 4 raiju, a ynoxinul, 2 ufetubi and a spriggan
defender skeleton.

Vanquished Creatures
  Josephine (D:10)
  Joseph (D:7)
  2 kobold demonologists (D:9)
  A troll (D:10)
  3 wraiths (D:10)
  3 wyverns
  3 yaks (D:8)
  4 water moccasins
  3 black bears
  An ice beast (D:3)
  A sky beast (D:7)
  2 orc warriors
  A centaur (D:8)
  2 ogres
  2 phantoms
  An elf zombie (Ossuary)
  2 kobold brigands
  Blork the orc (D:4)
  A gnoll sergeant (D:9)
  3 bullfrogs
  A scorpion (D:4)
  8 wights (D:8)
  2 howler monkeys
  2 centaur zombies (Ossuary)
  2 jellies
  2 bombardier beetles
  A human zombie (Ossuary)
  6 orc priests
  4 hounds
  4 iguanas
  3 gnoll boudas
  Jessica (D:3)
  A sleepcap (D:8)
  11 orc wizards
  Natasha (thrice) (D:2)
  7 hound zombies (Ossuary)
  2 mummies (Ossuary)
  21 gnolls
  5 adders
  A white imp (D:8)
  4 ufetubi
  4 adder zombies
  2 ribbon worms
  4 dart slugs
  34 orcs
  A bat zombie (D:2)
  3 endoplasms
  7 gnoll zombies (Ossuary)
  7 goblins
  9 hobgoblins
  3 quokkas
  3 ball pythons
  8 bats
  5 frilled lizards
  5 jackal zombies (Ossuary)
  16 kobolds
  8 kobold zombies (Ossuary)
  4 orc zombies (Ossuary)
  A quokka skeleton (D:2)
  3 rats (D:1)
256 creatures vanquished.

Vanquished Creatures (others)
  An orc wizard (D:5)
1 creature vanquished.

Grand Total: 257 creatures vanquished

Notes
Turn   | Place    | Note
-------+----------+-------------------------------------------
     0 | D:1      | Daunt the Barachi Shapeshifter began the quest for the Orb.
     0 | D:1      | Reached XP level 1. HP: 15/15 MP: 1/1
   182 | D:1      | Reached XP level 2. HP: 21/23 MP: 2/2
   472 | D:1      | Reached XP level 3. HP: 28/28 MP: 3/3
   976 | D:2      | Found a hide-covered altar of Uskayaw.
  1100 | D:2      | Identified the +2 rapier of the Jumping Gods {speed, +Blink
                  | rC+ Str-5}
  1160 | D:2      | Noticed Natasha
  1168 | D:2      | Killed Natasha
  1169 | D:2      | Reached skill level 5 in Unarmed Combat
  1169 | D:2      | Reached XP level 4. HP: 18/34 MP: 4/4
  1201 | D:2      | Noticed Natasha
  1426 | D:2      | Killed Natasha
  1483 | D:2      | Noticed Natasha
  1492 | D:2      | Killed Natasha
  1493 | D:2      | Reached XP level 5. HP: 40/40 MP: 5/5
  1628 | D:3      | Found a broken altar of Ashenzari.
  1632 | D:3      | Became a worshipper of Ashenzari the Shackled
  1730 | D:3      | Noticed an ice beast
  1745 | D:3      | Killed an ice beast
  1746 | D:3      | Reached XP level 6. HP: 36/49 MP: 4/6
  1821 | D:3      | Noticed Jessica
  1824 | D:3      | Killed Jessica
  2017 | D:3      | Reached skill level 5 in Fighting
  2201 | D:4      | Noticed Sigmund
  2256 | D:4      | Found a sand-covered staircase.
  2270 | Ossuary  | Entered an ossuary
  2401 | Ossuary  | Reached XP level 7. HP: 49/59 MP: 7/7
  2593 | D:4      | Found a sparkling altar of Nemelex Xobeh.
  2631 | D:4      | Noticed Blork the orc
  2642 | D:4      | Killed Blork the orc
  2739 | D:4      | Reached XP level 8. HP: 57/67 MP: 5/8
  2814 | D:4      | HP: 2/67 [orc priest/divine providence (10)]
  3041 | D:4      | Found a staircase to the Ecumenical Temple.
  3488 | D:5      | Entered Level 5 of the Dungeon
  3499 | D:5      | Reached skill level 1 in Maces & Flails
  3664 | D:5      | Reached skill level 2 in Maces & Flails
  3881 | D:5      | Reached skill level 3 in Maces & Flails
  4050 | D:5      | Reached skill level 4 in Maces & Flails
  4207 | D:5      | Reached skill level 5 in Maces & Flails
  4268 | D:5      | Found Otiyrueq's Antique Armour Emporium.
  4423 | D:5      | Reached skill level 1 in Shields
  4554 | D:5      | Reached skill level 6 in Maces & Flails
  4554 | D:5      | Reached XP level 9. HP: 71/72 MP: 7/9
  4818 | D:6      | Found an iron altar of Okawaru.
  5424 | D:6      | Reached skill level 7 in Maces & Flails
  5643 | D:6      | Found a snail-covered altar of Cheibriados.
  6345 | D:7      | Reached skill level 8 in Maces & Flails
  6379 | D:7      | Noticed Joseph
  6389 | D:7      | Killed Joseph
  6472 | D:7      | Reached skill level 9 in Maces & Flails
  7051 | D:8      | Reached skill level 10 in Maces & Flails
  7060 | D:8      | Reached XP level 10. HP: 39/75 MP: 3/10
  7631 | D:8      | Found a shimmering altar of Xom.
  7686 | D:8      | Reached skill level 11 in Maces & Flails
  7828 | D:8      | Reached skill level 1 in Armour
  7966 | D:8      | Found an opulent altar of Gozag.
  7970 | D:8      | Found a blossoming altar of Fedhas.
  8288 | D:9      | Reached * piety under Ashenzari
  8693 | D:9      | Noticed a kobold demonologist
  8926 | D:9      | Found a transporter.
  9011 | D:9      | Noticed a kobold demonologist
  9011 | D:9      | Noticed a kobold demonologist
  9178 | D:9      | Killed a kobold demonologist
  9241 | D:9      | Killed a kobold demonologist
  9275 | D:9      | Reached skill level 12 in Maces & Flails
  9288 | D:10     | Entered Level 10 of the Dungeon
  9302 | D:10     | Noticed Josephine
  9304 | D:10     | Noticed Erolcha
  9313 | D:10     | Killed Josephine
  9316 | D:10     | Reached XP level 11. HP: 65/87 MP: 8/11
  9716 | D:10     | Reached skill level 1 in Ranged Weapons
  9739 | Abyss:2  | Cast into level 2 of the Abyss (Erolcha)
  9768 | Abyss:2  | Noticed a green very ugly thing
  9773 | Abyss:2  | Succumbed to a green very ugly thing's poison

Illustrated notes

Levels and vault maps discovered:
D:1:      kennysheep_arrival_seaside, layout_rooms, st_stairs_5,
          wad_floor_pattern_2
D:2:      layout_loops_ring, serial_undead, serial_undead_f, serial_undead_f,
          serial_undead_a, serial_undead_d, basic_altar, uniq_natasha
D:3:      layout_basic, nicolae_ashenzari_skybound, uniq_jessica
D:4:      kennysheep_spiral_hall, layout_loops_ring,
          mainiacjoe_overflow_tiny_flanked, minmay_temple_entry_wispy,
          lightli_ossuary_entry_decrepit_ruins, uniq_blork_the_orc,
          uniq_crazy_yiuf_cottage, uniq_sigmund
D:5:      minmay_octagon_keep, layout_gridville, serial_shops, shop
D:6:      layout_loops_corners, mainiacjoe_overflow_cross_hatched,
          chei_slow_surprise, dreamdust_princess_bridge, minmay_door_square
D:7:      layout_basic, uniq_joseph
D:8:      layout_loops_ring, tgw_xom, minitemple, fungi_pond_lemuel
D:9:      layout_irregular_city, chequers_big_river, nicolae_diode_basic
D:10:     layout_loops_ring, tso_altar, serial_shops, shop,
          minmay_crystal_water, minivault_13, uniq_erolcha, uniq_josephine
Abyss:2:  base:
D:5

Skill      XL: |  1  2  3  4  5  6  7  8  9 10 11 |
---------------+----------------------------------+-----
Fighting       | 2 4 6 7 8 9 |  9.0
Unarmed Combat | 5 6 7 8 |  8.0
Maces & Flails | 6 10 12 | 12.5
Shields        | 2 4 |  4.0
Armour         | 4 |  4.4
Dodging        | 4 |  4.7
Ranged Weapons | 1 |  1.0
Shapeshifting  | |  3.2

Action                     |  1- 3 |  4- 6 |  7- 9 | 10-12 || total
---------------------------+-------+-------+-------+-------++-------
  Melee: Unarmed           |   137 |    77 |   260 |       ||   474
         Punch             |     4 |     1 |     6 |       ||    11
         Great mace        |       |    51 |    88 |   201 ||   340
  Throw: Dart              |       |     2 |    10 |     4 ||    16
         Stone             |       |     2 |       |       ||     2
         Boomerang         |       |       |    15 |       ||    15
 Invoke: Curse Item        |       |       |     1 |     1 ||     2
Ability: Begin Untransform |       |     1 |     1 |       ||     2
         Hop               |       |       |     1 |       ||     1
    Use: Potion            |     2 |       |     2 |     2 ||     6
         Scroll            |       |       |     2 |     2 ||     4
 Armour: Animal skin       |     7 |       |       |       ||     7
         Scale mail        |    61 |   107 |   277 |   187 ||   632
         Skin              |     3 |       |     7 |     4 ||    14
  Dodge: Dodged            |    70 |    70 |   141 |   100 ||   381
  Block: Buckler           |       |       |    27 |       ||    27
   Form: Beast             |       |     1 |       |       ||     1
